 Dungeon Crawl Stone Soup version 0.32-a0-43-g058985b245 (webtiles) character file.

Game seed: 3022517635038739784

2417 whatisthis the Apothecary (level 9, -3/57 HPs)
             Began as a Demonspawn Alchemist on Feb 3, 2024.
             Was an Initiate of Sif Muna.
             Slain by a meliai
             ... wielding a +0 war axe
              (5 damage)
             ... on level 8 of the Dungeon.
             The game lasted 00:20:09 (7397 turns).

whatisthis the Apothecary (Demonspawn Alchemist)    Turns: 7397, Time: 00:20:10

Health: -3/57      AC:  6    Str:  8    XL:     9   Next: 23%
Magic:  19/19      EV: 12    Int: 21    God:    Sif Muna [......]
Gold:   384        SH:  0    Dex: 13    Spells: 11/21 levels left

rFire   . . .        m - +3 short sword
rCold   . . .        (no shield)
rNeg    . . .        a - +0 robe
rPois   .            (helmet restricted)
rElec   .            (no cloak)
rCorr   .            (no gloves)
SInv    .            u - +0 pair of boots
Will    .....        p - amulet of magic regeneration
Stlth   ++           (no ring)
HPRegen 0.29/turn    (no ring)
MPRegen 0.56/turn

%: no passive effects
@: no status effects
A: horns 1, icy blue scales 2, demonic guardian 2, powered by death 1
a: Renounce Religion


You were on level 8 of the Dungeon.
You worshipped Sif Muna.
Sif Muna was noncommittal.
You visited 2 branches of the dungeon, and saw 9 of its levels.

You collected 384 gold pieces.

Inventory:

Hand Weapons
 m - a +3 short sword (weapon)
Missiles
 d - 16 poisoned darts
 F - 3 boomerangs
Armour
 a - a +0 robe (worn)
 g - the +2 leather armour "Fovif" {+Blink rElec Will+ Dex-3}
   (You took it off a goblin on level 4 of the Dungeon)

   Dex-3:     It affects your dexterity (-3).
   rElec:     It insulates you from electricity.
   Will+:     It increases your willpower.
   +Blink:    It lets you blink.
 u - a +0 pair of boots (worn)
Jewellery
 p - an amulet of magic regeneration (around neck)
Wands
 B - a wand of paralysis (2)
 K - a wand of iceblast (7)
 N - a wand of flame (9)
Scrolls
 f - 3 scrolls of fear {unknown}
 h - 5 scrolls of teleportation {unknown}
 i - a scroll of poison {unknown}
 j - a scroll of blinking {unknown}
 l - 4 scrolls of identify {unknown}
 o - 2 scrolls of butterflies {unknown}
 q - a scroll of enchant armour {unknown}
 s - a scroll of vulnerability {unknown}
 t - a scroll of brand weapon {unknown}
 v - a scroll of fog {unknown}
 w - 2 scrolls of noise {unknown}
 y - a scroll of immolation {unknown}
 z - 2 scrolls of enchant weapon {unknown}
 C - a scroll of revelation {unknown}
 D - a scroll of silence {unknown}
Potions
 b - 2 potions of magic
 c - 2 potions of might {unknown}
 e - 5 potions of curing {unknown}
 k - a potion of cancellation {unknown}
 n - a potion of enlightenment {unknown}
 r - a potion of brilliance {unknown}
 x - 2 potions of heal wounds {unknown}
 A - 2 potions of ambrosia {unknown}
 E - a potion of lignification {unknown}
 H - a potion of berserk rage {unknown}
 I - 2 potions of degeneration {unknown}
 J - a potion of mutation {unknown}
 L - a potion of resistance {unknown}


   Skills:
 - Level 1.7 Dodging
 - Level 1.7 Stealth
 + Level 6.9 Spellcasting
 + Level 7.2 Conjurations
 + Level 7.7 Alchemy


You had 11 spell levels left.
You knew the following spells:

 Your Spells              Type           Power      Damage    Failure   Level
a - Sting                 Conj/Alch      100%       1d9       1%          1
b - Mercury Vapours       Alch/Air       46%        N/A       2%          2
c - Mephitic Cloud        Conj/Alch/Air  28%        N/A       3%          3
d - Olgreb's Toxic Radia  Alch           40%        N/A       3%          4

Your spell library contained the following spells:

 Spells                   Type           Power      Damage    Failure   Level
 Hailstorm                Conj/Ice       22%        3d7       6%          3
 Freeze                   Ice            28%        1d5       9%          1
 Slow                     Hex            28%        N/A       9%          1
 Sticky Flame             Fire/Alch      23%        2d6       19%         4
 Call Canine Familiar     Summ           7%         N/A       26%         3
 Confusing Touch          Hex            7%         N/A       26%         3
 Frozen Ramparts          Ice            14%        1d3       26%         3
 Sigil of Binding         Hex            7%         N/A       26%         3
 Vampiric Draining        Necr           7%         2d6       26%         3
 Animate Dead             Necr           7%         N/A       65%         4
 Dimensional Bullseye     Hex/Tloc       3%         N/A       65%         4
 Passage of Golubria      Tloc           7%         N/A       65%         4
 Borgnjor's Vile Clutch   Necr/Erth      3%         N/A       94%         5
 Silence                  Hex/Air        3%         N/A       94%         5
 Death Channel            Necr           3%         N/A       100%        6
 Lehudib's Crystal Spear  Conj/Erth      11%        10d4      100%        8


Dungeon Overview and Level Annotations

Branches:
Dungeon (8/15)             Temple (1/1) D:4
   Lair: D:8-11

Altars:
Ashenzari
Cheibriados
Dithmenos
Fedhas
Gozag
Hepliaklqana
Makhleb
Okawaru
Qazlal
Ru
Sif Muna
Trog
Uskayaw
Wu Jian
Xom
Yredelemnul

Shops:
D:3 (   D:4 (

Portals:
Abyss: D:5

Annotations:
D:4 Sigmund
D:5 2 transporters, 1 runed translucent door, Crazy Yiuf; pokeman's ghost, novice DEHW
D:7 exclusion: wight


Innate Abilities, Weirdness & Mutations

You have a pair of small horns on your head.
You are mostly covered in icy blue scales. (AC +3)
A demonic guardian rushes to your aid.
You regenerate a little health from kills.


Message History

A meliai comes into view. It is wielding a +0 war axe.
The meliai buzzes angrily.
The meliai moves out of view.
Found 13 gold pieces.
The meliai hits you with a +0 war axe! The meliai barely misses you.
The meliai hits you with a +0 war axe!! The meliai closely misses you.
There is an open door, spattered with blood here.
You close the door.
Something unseen breaks down the door.
Okay, then.
Throw: dart (curare)
Press: ? - help, Q - select action, (/) - cycle Shift-Dir - straight line, f - meliai
Aim: a meliai, wielding a +0 war axe and wearing a +0 robe (34% to hit)
You throw a curare-tipped dart.
The curare-tipped dart closely misses the meliai.
Unknown command.
Aiming: Corrosive Bolt
Press: ? - help, Shift-Dir - straight line, f/p - meliai
Aim: a meliai, wielding a +0 war axe and wearing a +0 robe (57% to hit)
The bolt of acid hits the meliai!
The acid corrodes the meliai!
The meliai is moderately wounded.
The meliai hits you with a +0 war axe!
* * * LOW HITPOINT WARNING * * *
The meliai stings you but does no damage.
The meliai mumbles some strange prayers to its god against you.
Something smites you!
* * * LOW HITPOINT WARNING * * *
A demonic guardian appears!
The meliai attacks as it pursues you! The meliai barely misses you.
The meliai stings you.
* * * LOW HITPOINT WARNING * * *
Aiming: Corrosive Bolt
Press: ? - help, Shift-Dir - straight line, f/p - meliai
Aim: a meliai, wielding a +0 war axe and wearing a +0 robe (moderately wounded, covered in acid, ally target, 57% to hit)
The bolt of acid hits the meliai!
The meliai seems to be corroded for longer.
The meliai is severely wounded.
The now-empty wand crumbles to dust.
The meliai misses you.
The meliai completely misses your ice devil.
The meliai stings you.
You die...

##+#+### #.#.##
#......# #.#..###
#......# #.##...#
#......###.####..
######......'...# ##.
#...........#########.
#...........'.†.†.....
#.....################
#...4@##...##
#....y#.....#
+..8..'.....#
#.....#....(#
#.....##$..## ###+###
####


You could see a meliai (corroded, ally target) and a friendly ice devil
(summoned).

Vanquished Creatures
  Prince Ribbit (D:6)
  Duvessa (D:4)
  An orc warrior (D:8)
  A black bear (D:4)
  An ice beast (D:6)
  2 ogres (D:7)
  A phantom (D:4)
  A kobold brigand (D:7)
  A bullfrog (D:6)
  4 wights
  Dowan (D:4)
  3 killer bees (D:8)
  2 bombardier beetles (D:5)
  2 bullfrog zombies (D:7)
  A hound (D:4)
  4 orc priests
  A jelly (D:5)
  A gnoll bouda (D:8)
  4 iguanas
  2 sleepcaps (D:6)
  7 orc wizards
  10 gnolls
  7 adders
  A shadow imp (D:5)
  2 white imps
  2 ufetubi (D:6)
  A ribbon worm (D:2)
  15 orcs
  4 ball pythons (D:2)
  5 endoplasms
  A giant cockroach (D:2)
  6 goblins
  4 hobgoblins
  6 jackals
  4 quokkas
  5 bats
  2 frilled lizards (D:1)
  17 kobolds
  4 rats
138 creatures vanquished.

Vanquished Creatures (collateral kills)
  A kobold brigand (D:6)
  A bullfrog (D:8)
  An orc wizard (D:6)
  An orc (D:6)
4 creatures vanquished.

Grand Total: 142 creatures vanquished

Notes
Turn   | Place    | Note
-------+----------+-------------------------------------------
     0 | D:1      | whatisthis the Demonspawn Alchemist began the quest for the
                  | Orb.
     0 | D:1      | Reached XP level 1. HP: 13/13 MP: 3/3
   214 | D:1      | Gained mutation: A weak demonic guardian rushes to your
                  | aid. [demonic ancestry]
   214 | D:1      | Reached XP level 2. HP: 19/19 MP: 3/5
  1198 | D:2      | Gained mutation: You are partially covered in icy blue
                  | scales. (AC +2) [demonic ancestry]
  1198 | D:2      | Reached XP level 3. HP: 24/24 MP: 2/6
  1723 | D:3      | Found Walailim's Antique Weapon Shoppe.
  2057 | D:3      | Gained mutation: You have a pair of small horns on your
                  | head. [demonic ancestry]
  2057 | D:3      | Reached XP level 4. HP: 30/30 MP: 8/8
  2438 | D:4      | Gained mutation: A demonic guardian rushes to your aid.
                  | [demonic ancestry]
  2438 | D:4      | Reached XP level 5. HP: 27/35 MP: 4/10
  2467 | D:4      | Found Rinas's Antique Weapon Shop.
  2483 | D:4      | Noticed Sigmund
  2525 | D:4      | Noticed a black bear
  2682 | D:4      | Noticed Duvessa
  2682 | D:4      | Noticed Dowan
  2866 | D:4      | Learned a level 2 spell: Mercury Vapours
  2901 | D:4      | Killed Duvessa
  2902 | D:4      | Reached XP level 6. HP: 31/41 MP: 8/11
  2904 | D:4      | Killed Dowan
  2960 | D:4      | Found a sacrificial altar of Ru.
  3320 | D:4      | Identified the +2 leather armour "Fovif" {+Blink rElec
                  | Will+ Dex-3}
  3356 | D:4      | Reached skill level 5 in Alchemy
  3356 | D:4      | Gained mutation: You are mostly covered in icy blue scales.
                  | (AC +3) [demonic ancestry]
  3356 | D:4      | Reached XP level 7. HP: 26/46 MP: 7/13
  3498 | D:4      | Identified the +2 spear of Urgency {antimagic, SInv}
  3542 | D:4      | Found a staircase to the Ecumenical Temple.
  3556 | Temple   | Entered the Ecumenical Temple
  3698 | D:5      | Entered Level 5 of the Dungeon
  3946 | D:5      | Found a transporter.
  4299 | D:5      | Found a one-way gate to the infinite horrors of the Abyss.
  4299 | D:5      | Noticed pokeman's ghost (novice DEHW)
  4299 | D:5      | Noticed a small abomination
  4312 | D:5      | Found a transporter.
  4588 | D:5      | Found a runed translucent door.
  4589 | D:5      | Noticed Crazy Yiuf
  4852 | D:6      | Reached skill level 5 in Spellcasting
  4852 | D:6      | Reached skill level 5 in Conjurations
  5043 | D:6      | Found a stormy altar of Qazlal.
  5161 | D:6      | Gained mutation: You regenerate a little health from kills.
                  | [demonic ancestry]
  5161 | D:6      | Reached XP level 8. HP: 52/52 MP: 10/15
  5381 | D:6      | Found a shadowy altar of Dithmenos.
  5669 | D:6      | Noticed Prince Ribbit
  5679 | D:6      | Killed Prince Ribbit
  6336 | D:8      | Learned a level 3 spell: Mephitic Cloud
  6341 | D:8      | Learned a level 4 spell: Olgreb's Toxic Radiance
  6349 | D:8      | Found a snail-covered altar of Cheibriados.
  6505 | D:8      | Reached XP level 9. HP: 47/57 MP: 10/18
  7189 | D:8      | Found a shimmering blue altar of Sif Muna.
  7267 | D:8      | Became a worshipper of Sif Muna the Loreminder
  7390 | D:8      | Noticed a meliai
  7396 | D:8      | HP: 2/57 [meliai/+0 war axe (1)]
  7397 | D:8      | Slain by a meliai

Illustrated notes

Levels and vault maps discovered:
D:1:      minmay_arrival_jagged, layout_basic, minmay_misc_feat_roman
D:2:      layout_rooms, roderic_roman_lattice, minmay_fractal_squares_5
D:3:      layout_basic, serial_curves, eino_curves_03, eino_curves_04,
          serial_shops, nicolae_lakefront_shop
D:4:      layout_basic, mainiacjoe_overflow_catch_the_wave,
          minmay_temple_entry_proselytizer, serial_shops, shop,
          wad_rectangle_vault, uniq_sigmund, uniq_duvessa
D:5:      layout_rooms, gammafunk_ghost_abyssal_escape, uniq_crazy_yiuf_cottage
D:6:      layout_loops_cross, grunt_dithmenos_smoke_and_mirrors,
          nicolae_qazlal_scattered_showers, uniq_prince_ribbit1
D:7:      layout_basic, serial_undead, serial_undead_b, serial_undead_c,
          serial_undead_b, serial_undead_c, serial_undead_b, serial_undead_f,
          serial_undead_a, serial_undead_b, serial_undead_b, serial_undead_e,
          minmay_holes
D:8:      layout_basic, lemuel_crystal_altar, mainiacjoe_overflow_cross_hatched,
          tgw_sif, serial_corexii_hall, corexii_hall_statues_x,
          chequers_hall_statues_corner_a, serial_shops, shop_statue,
          minmay_misc_feat_doors, minmay_three_doors, uniq_maggie
Temple:   hellmonk_temple_two_chambers

Skill      XL: |  1  2  3  4  5  6  7  8  9 |
---------------+----------------------------+-----
Conjurations   | 2 3 4 5 6 7 |  7.2
Spellcasting   | 3 4 5 6 |  6.9
Alchemy        | 4 5 6 7 |  7.7
Dodging        | |  1.7
Stealth        | |  1.7

Action                     |  1- 3 |  4- 6 |  7- 9 || total
---------------------------+-------+-------+-------++-------
  Melee: Unarmed           |    25 |       |       ||    25
         Mace              |    11 |       |       ||    11
         Dagger            |    16 |     4 |    67 ||    87
         Headbutt          |       |       |    23 ||    23
         Short sword       |       |       |    17 ||    17
  Throw: Dart              |       |       |     1 ||     1
   Cast: Sting             |    71 |    84 |   233 ||   388
         Mercury Vapours   |       |     6 |    61 ||    67
         Olgreb's Toxic Ra |       |       |    11 ||    11
         Mephitic Cloud    |       |       |     4 ||     4
  Evoke: Wand              |       |       |     5 ||     5
 Armour: Robe              |    47 |    40 |   196 ||   283
  Dodge: Dodged            |    45 |    26 |   191 ||   262

Table legend: (Time is in decaauts)
 A = Elapsed time spent in this place.
 B = Non-inter-level travel time spent in this place.
 C = Inter-level travel time spent in this place.
 D = Time resting spent in this place.
 E = Time spent auto-exploring this place.
 F = Levels seen in this place.
 G = Mean time per level.
                   A        B        C        D        E       F      G
               +--------+--------+--------+--------+--------+-----+--------+
         Total |   7374 |   7134 |    240 |   1640 |   3555 |   9 |  819.3 |
       Dungeon |   7349 |   7110 |    239 |   1636 |   3555 |   8 |  918.6 |
        Temple |     24 |     23 |      1 |      4 |      0 |   1 |   24.0 |
               +--------+--------+--------+--------+--------+-----+--------+

Top non-repeatable levels by time:
     D:4: 1737 daAuts
     D:1: 1146 daAuts
     D:6: 1067 daAuts
     D:8: 1064 daAuts
     D:3: 628 daAuts
     D:5: 606 daAuts
     D:2: 556 daAuts
     D:7: 543 daAuts
  Temple: 24 daAuts
